 Dungeon Crawl Stone Soup version 0.27-a0-279-gdfb9265905 (webtiles) character file.

Game seed: 7109710657750858553

88 runemasterragnar the Skirmisher (level 4, -5/31 HPs)
             Began as an Octopode Fighter on Feb 8, 2021.
             Slain by a gnoll
             ... wielding a +0 flail
              (11 damage)
             ... on level 4 of the Dungeon.
             The game lasted 00:01:30 (1244 turns).

runemasterragnar the Skirmisher (Octopode Fighter)  Turns: 1244, Time: 00:01:31

Health: -5/31      AC:  1    Str: 15    XL:     4   Next: 53%
Magic:  4/4        EV: 11    Int: 10    God:
Gold:   47         SH:  8    Dex: 12    Spells: 3/3 levels left

rFire    . . .     SeeInvis .   a - +0 long sword
rCold    . . .     Faith    .   b - +0 kite shield
rNeg     . . .     Spirit   .   (helmet restricted)
rPois    .         Reflect  .   (no amulet)
rElec    .         Harm     .   (no ring)
rCorr    .         Rampage  .   (no ring)
Will     .....                  (no ring)
Stlth    +++.......             (no ring)
HPRegen  0.10/turn              (no ring)
MPRegen  0.09/turn              (no ring)
                                (no ring)
                                (no ring)

@: hasted, very quick
A: almost no armour, stealthy swim, amphibious, 8 rings, constrict 8, camouflage
1, gelatinous body 1
a: no special abilities


You were on level 4 of the Dungeon.
You visited 1 branch of the dungeon, and saw 4 of its levels.

You collected 47 gold pieces.

Inventory:

Hand Weapons
 a - a +0 long sword (weapon)
Armour
 b - a +0 kite shield (worn)
Jewellery
 d - an uncursed amulet of guardian spirit {unknown}
Wands
 j - a wand of paralysis (7)
 k - a wand of polymorph (15)
Scrolls
 e - a scroll of immolation {unknown}
 f - 3 scrolls of identify {unknown}
 g - 2 scrolls of remove curse {unknown}
 l - a scroll of fog {unknown}
Potions
 c - a potion of might
 h - a potion of haste
 i - a potion of berserk rage {unknown}


   Skills:
 + Level 3.4 Fighting
 * Level 3.0 Long Blades
 + Level 3.3 Dodging
 + Level 1.9 Stealth
 + Level 3.3 Shields
 + Level 1.1 Unarmed Combat


You had 3 spell levels left.
You didn't know any spells.
Your spell library was empty.

Dungeon Overview and Level Annotations

Branches:
Dungeon (4/15)
 Temple: D:4-7

Altars:

Annotations:
D:2 Sigmund


Innate Abilities, Weirdness & Mutations

You cannot wear most types of armour.
You are very stealthy in the water. (Stealth+)
You are amphibious.
You can wear up to eight rings at the same time.
You can use your tentacles to constrict eight enemies at once.
Your skin changes colour to match your surroundings (Stealth+).
Your rubbery body absorbs attacks. (AC +1, EV +1)


Message History

Your grab misses the gnoll. The gnoll barely misses you.
You riposte.
You closely miss the gnoll. Your grab misses the gnoll. You squeeze the gnoll.
The gnoll is moderately wounded.
You block the gnoll's attack.
You barely miss the gnoll. Your grab misses the gnoll. You squeeze the gnoll.
The gnoll is lightly wounded.
You block the gnoll's attack. The gnoll hits you with a +0 flail!
You hit the gnoll. You grab the gnoll.
The gnoll is moderately wounded.
You constrict the gnoll, but do no damage.
The gnoll hits you with a +0 spear!
* * * LOW HITPOINT WARNING * * *
You block the gnoll's attack. x2
Unknown command.
It was a potion of haste.
You feel yourself speed up.
You constrict the gnoll. You block the gnoll's attack. The gnoll misses you.
You closely miss the gnoll. You grab the gnoll.
The gnoll is moderately wounded.
You constrict the gnoll. x2; The gnoll hits you with a +0 flail!
You die...

#....†....# #.#
#.#######.# #.# # #.#
#.# ##.## #.#
###...####.#
.........#.#
##[..##.#.##
.#.###.........g########
............)g@........#
..........#....#####.#S#
##.............#
#####.####.#..# ##
#....# #.....# ....###
.....#


You could see 2 gnolls.

Vanquished Creatures
  An iguana (D:4)
  A gnoll (D:4)
  2 adders (D:3)
  An ooze (D:1)
  A worm (D:3)
  2 dart slugs (D:1)
  A leopard gecko (D:3)
  A ball python (D:1)
  2 giant cockroaches (D:1)
  2 hobgoblins
  3 jackals (D:4)
  2 kobolds (D:1)
  A bat (D:1)
  2 frilled lizards
  A goblin (D:3)
  4 rats
27 creatures vanquished.

Notes
Turn   | Place    | Note
-------+----------+-------------------------------------------
     0 | D:1      | runemasterragnar the Octopode Fighter began the quest for
                  | the Orb.
     0 | D:1      | Reached XP level 1. HP: 16/16 MP: 1/1
   164 | D:1      | Reached XP level 2. HP: 18/21 MP: 2/2
   213 | D:1      | Reached skill level 1 in Stealth
   319 | D:2      | Noticed Sigmund
   625 | D:3      | Reached XP level 3. HP: 26/26 MP: 3/3
   985 | D:3      | Reached skill level 1 in Unarmed Combat
  1064 | D:4      | Reached XP level 4. HP: 18/31 MP: 4/4
  1244 | D:4      | Slain by a gnoll

Illustrated notes

Levels and vault maps discovered:
D:1:      psy_arrival_radial01, layout_rooms,
          hangedman_abyss_or_decor_lesser_grid, st_stairs_2
D:2:      layout_loops_ring, minivault_19, kennysheep_generic_room_14,
          uniq_sigmund, uniq_terence, uniq_robin
D:3:      layout_loops_corners, chequers_ecumenical_altar_simple,
          minmay_curled_crystal
D:4:      layout_loops_ring, nicolae_tso_carved_into_rock, uniq_grinder,
          uniq_edmund

Skill      XL: |  1  2  3  4 |
---------------+-------------+-----
Stealth        | 1 |  1.9
Unarmed Combat | 1 |  1.1
Long Blades    | 3 |  3.0
Fighting       | |  3.4
Dodging        | |  3.3
Shields        | |  3.3

Action                   |  1- 3 |  4- 6 || total
-------------------------+-------+-------++-------
Melee: Long sword        |    42 |     9 ||    51
       Constrict         |    14 |     3 ||    17
       Tentacles         |     8 |     3 ||    11
  Use: Potion            |       |     1 ||     1
 Stab: Sleeping          |     4 |       ||     4
Armor: Skin              |     4 |     1 ||     5
Dodge: Dodged            |    19 |     6 ||    25
Block: Kite shield       |    15 |     9 ||    24
       Rpst.: Long sword |     9 |     2 ||    11

Table legend: (Time is in decaauts)
 A = Elapsed time spent in this place.
 B = Non-inter-level travel time spent in this place.
 C = Inter-level travel time spent in this place.
 D = Time resting spent in this place.
 E = Time spent auto-exploring this place.
 F = Levels seen in this place.
 G = Mean time per level.
                   A        B        C        D        E       F      G
               +--------+--------+--------+--------+--------+-----+--------+
         Total |   1268 |   1268 |      0 |    255 |    763 |   4 |  317.0 |
       Dungeon |   1268 |   1268 |      0 |    255 |    763 |   4 |  317.0 |
               +--------+--------+--------+--------+--------+-----+--------+

Top non-repeatable levels by time:
     D:3: 452 daAuts
     D:1: 329 daAuts
     D:2: 282 daAuts
     D:4: 204 daAuts
